 Dungeon Sprint DCSS version 0.21-a0-426-g98080a9 (webtiles) character file.

709 Kidiri the Skirmisher (level 7, -1/67 HPs)
             Began as a Pale Draconian Transmuter on Nov 6, 2017.
             Was a Follower of Sif Muna.
             Slain by a hellwing (11 damage)
             ... summoned by a kobold demonologist
             ... in the Dungeon (Sprint I: "Red Sonja").
             The game lasted 00:02:44 (582 turns).

Kidiri the Skirmisher (Pale Draconian Transmuter)    Turns: 582, Time: 00:02:45

Health: -1/67      AC:  6    Str: 12    XL:     7   Next: 40%
Magic:  10/14      EV: 15    Int: 14    God:    Sif Muna [*.....]
Gold:   405        SH:  0    Dex: 13    Spells: 0/15 levels left

rFire    . . .     SeeInvis .     - Unarmed
rCold    . . .     Gourm    .   (shield currently unavailable)
rNeg     . . .     Faith    .   (armour unavailable)
rPois    .         Spirit   .   (helmet restricted)
rElec    .         Reflect  .   (no cloak)
rCorr    .         Harm     .   (gloves currently unavailable)
MR       .....     NoTele   +   (no boots)
Stlth    +++.......             (no amulet)
HPRegen  0.21/turn              (no ring)
MPRegen  0.14/turn              (no ring)

@: short of breath, blade hands (expiring)
A: breathe steam, unfitting armour, cold-blooded, AC +6
a: Breathe Steam, End Transformation, Divine Energy, Renounce Religion


You were in the Dungeon.
You worshipped Sif Muna.
Sif Muna was aware of your devotion.
You were not hungry.
You had blades for hands.
You visited 1 branch You collected 405 gold pieces.

Inventory:

Missiles
 a - 10 arrows
Wands
 j - a wand of polymorph (6/24)
Scrolls
 i - a scroll of blinking
 m - a scroll of identify {unknown}
Potions
 f - a potion of haste
 g - 2 potions of magic
 h - a potion of berserk rage
 k - a potion of flight {unknown}
 n - 2 potions of cancellation {unknown}
Books
 b - a book of Changes

   Spells                             Type                      Level
   a - Beastly Appendage              Transmutation                1
   b - Sticks to Snakes               Transmutation                2
   c - Spider Form                    Transmutation/Poison         3
   d - Ice Form                       Ice/Transmutation            4
   e - Blade Hands                    Transmutation                5
Comestibles
 c - a bread ration
 l - 4 chunks of flesh


   Skills:
 * Level 7.6 Fighting
 * Level 6.5 Dodging
 + Level 4.4 Stealth
 * Level 7.4 Unarmed Combat
 + Level 4.8 Spellcasting
 * Level 7.1 Transmutations
 + Level 2.5 Ice Magic
 + Level 3.5 Poison Magic
 + Level 2.6 Evocations


You couldn't memorise any spells.
You knew the following spells:

 Your Spells              Type           Power        Failure   Level  Hunger
a - Beastly Appendage     Tmut           ###...       14%         1    None
b - Sticks to Snakes      Tmut           ###.....     17%         2    ##.....
c - Spider Form           Tmut/Pois      ###.......   36%         3    ###....
d - Ice Form              Ice/Tmut       ###.....     67%         4    ####...
e - Blade Hands           Tmut           ###.......   69%         5    ######.


Dungeon Overview and Level Annotations

Branches:
Dungeon (1/1)

Altars:
Cheibriados
Dithmenos
Elyvilon
Fedhas
Gozag
Hepliaklqana
Kikubaaqudgha
Makhleb
Nemelex Xobeh
Okawaru
Qazlal
Ru
Sif Muna
Trog
Uskayaw
Vehumet
Wu Jian
Xom
Yredelemnul
Zin
The Shining One
Jiyva
Lugonu

Shops:
D *

Annotations:
D exclusion: 2 doors


Innate Abilities, Weirdness & Mutations

You can breathe blasts of scalding, opaque steam.
Your pale cyan-grey scales are hard. (AC +6)
You cannot fit into any form of body armour.
You are cold-blooded and may be slowed by cold attacks.


Message History

* * * LOW HITPOINT WARNING * * *
You are lethally poisoned!
The orange demon poisons you! The orange demon misses you.
The white imp barely misses you. The ufetubus closely misses you.
The ufetubus hits you.
* * * LOW HITPOINT WARNING * * *
The hellwing barely misses you. The hellwing hits you.
* * * LOW HITPOINT WARNING * * *
The kobold demonologist hits you but does no damage.
The orange demon stings you from afar.
* * * LOW HITPOINT WARNING * * *
The kobold demonologist mumbles some strange words.
Unknown command.
You feel better. The ufetubus completely misses you.
The ufetubus closely misses you. The orange demon stings you.
* * * LOW HITPOINT WARNING * * *
The orange demon hits you.
* * * LOW HITPOINT WARNING * * *
The white imp closely misses you. The hellwing hits you!
You die...

####################
'..#.)'..#__#..45K4#
#.)'..#..'..'..#@45#
##+#####'#__####K55+
#..#...#.#### #####
####..##(#
___##+#_.+
∩...+÷.._#
.__##_.#+#
___###+#.# #### ###


You could see 2 orange demons, a hellwing, 2 kobold demonologists, an iron imp,
a white imp and 2 ufetubi.

Vanquished Creatures
  A slime creature (D)
  Sigmund (D)
  A yak (D)
  A floating eye (D)
  A jelly (D)
  Ijyb (D)
6 creatures vanquished.

Vanquished Creatures (collateral kills)
  An ogre (D)
1 creature vanquished.

Grand Total: 7 creatures vanquished

Notes
Turn   | Place    | Note
-------+----------+-------------------------------------------
     0 | D        | Kidiri the Draconian Transmuter began the quest for the Orb.
     0 | D        | Reached XP level 1. HP: 16/16 MP: 3/3
     3 | D        | Noticed Ijyb
    18 | D        | Killed Ijyb
    18 | D        | Reached skill level 1 in Stealth
    18 | D        | Reached XP level 2. HP: 25/25 MP: 3/5
    28 | D        | Learned a level 2 spell: Sticks to Snakes
    43 | D        | Noticed an ogre
    50 | D        | Killed an ogre
    50 | D        | Reached XP level 3. HP: 11/33 MP: 0/7
    50 | D        | Reached XP level 4. HP: 14/40 MP: 0/8
   253 | D        | Learned a level 3 spell: Spider Form
   266 | D        | Noticed Sigmund
   274 | D        | Killed Sigmund
   274 | D        | Reached skill level 5 in Fighting
   274 | D        | Reached skill level 5 in Dodging
   274 | D        | Reached skill level 5 in Transmutations
   274 | D        | Reached XP level 5. HP: 50/50 MP: 6/10
   280 | D        | Learned a level 4 spell: Ice Form
   310 | D        | Found an ornate altar of the Wu Jian Council.
   310 | D        | Found a deep blue altar of Sif Muna.
   313 | D        | Found a radiant altar of Vehumet.
   316 | D        | Reached XP level 6. HP: 54/57 MP: 4/12
   323 | D        | Became a worshipper of Sif Muna the Loreminder
   351 | D        | Found Dal Tir's General Store.
   351 | D        | Found an ancient bone altar of Kikubaaqudgha.
   351 | D        | Found a hazy altar of Hepliaklqana.
   351 | D        | Found a stormy altar of Qazlal.
   351 | D        | Found a hide-covered altar of Uskayaw.
   351 | D        | Found a blossoming altar of Fedhas.
   351 | D        | Found a bloodstained altar of Trog.
   351 | D        | Found an iron altar of Okawaru.
   351 | D        | Found a basalt altar of Yredelemnul.
   351 | D        | Found a glowing golden altar of the Shining One.
   351 | D        | Found a snail-covered altar of Cheibriados.
   351 | D        | Found a sacrificial altar of Ru.
   351 | D        | Found a glowing silver altar of Zin.
   351 | D        | Found a shadowy altar of Dithmenos.
   351 | D        | Found a white marble altar of Elyvilon.
   351 | D        | Noticed a yak
   360 | D        | Killed a yak
   360 | D        | Reached skill level 1 in Ice Magic
   360 | D        | Reached skill level 1 in Evocations
   364 | D        | Found an opulent altar of Gozag.
   365 | D        | Found a sparkling altar of Nemelex Xobeh.
   510 | D        | Found a burning altar of Makhleb.
   510 | D        | Found a viscous altar of Jiyva.
   510 | D        | Found a shimmering altar of Xom.
   510 | D        | Found a corrupted altar of Lugonu.
   510 | D        | Noticed a slime creature
   517 | D        | Killed a slime creature
   517 | D        | Reached * piety under Sif Muna
   517 | D        | Your scales start taking on a pale cyan-grey colour.
   517 | D        | Reached XP level 7. HP: 66/66 MP: 9/13
   553 | D        | Learned a level 5 spell: Blade Hands
   567 | D        | Noticed a kobold demonologist
   568 | D        | Noticed a kobold demonologist
   572 | D        | Noticed an orange demon
   573 | D        | Noticed an orange demon
   577 | D        | Noticed a hellwing
   582 | D        | Slain by a hellwing

Vault maps used:
D:        dungeon_sprint_1

Skill      XL: |  1  2  3  4  5  6  7 |
---------------+----------------------+-----
Fighting       | 2 4 5 6 7 |  7.6
Dodging        | 2 3 5 6 |  6.5
Stealth        | 1 2 3 4 |  4.4
Transmutations | 3 4 5 6 7 |  7.1
Unarmed Combat | 4 6 7 |  7.4
Spellcasting   | 3 4 |  4.8
Poison Magic   | 2 3 |  3.5
Ice Magic      | 2 |  2.5
Evocations     | 2 |  2.6

Action                   |  1- 3 |  4- 6 |  7- 9 || total
-------------------------+-------+-------+-------++-------
Melee: Unarmed           |    16 |    21 |    10 ||    47
       Headbutt          |     3 |       |       ||     3
 Cast: Beastly Appendage |     2 |       |       ||     2
       Sticks to Snakes  |     2 |       |       ||     2
       Spider Form       |       |     3 |       ||     3
       Ice Form          |       |     1 |       ||     1
       Blade Hands       |       |       |     1 ||     1
 Abil: Breathe Steam     |       |       |     1 ||     1
  Use: Potion            |       |       |     2 ||     2
 Stab: Confused          |     1 |       |       ||     1
       Sleeping          |       |     1 |       ||     1
Armor: Skin              |     1 |     1 |     7 ||     9
Dodge: Dodged            |     3 |    11 |    29 ||    43

Table legend:
 A = Spawn XP
 B = Non-spawn XP
 C = Spawn XP percentage of total XP
 D = Spawn monster count
 E = Non-spawn monster count
 F = Spawn count percentage of total count
 G = Total turns spent on level
                    A         B        C        D         E        F      G
               +---------+---------+-------+---------+---------+-------+---------
         Total |       0 |    1013 |   0.0 |       0 |       7 |   0.0 |   582
               +---------+---------+-------+---------+---------+-------+---------
             D |       0 |    1013 |   0.0 |       0 |       7 |   0.0 |   582
               +---------+---------+-------+---------+---------+-------+---------
